 Dungeon Crawl Stone Soup version 0.26-a0-660-gc07710193c (webtiles) character file.

Game seed: 4834149941015027116

258 timneilson the Covered (level 5, -7/49 HPs)
             Began as a Deep Dwarf Fighter on Oct 6, 2020.
             Mangled by Menkaure (14 damage)
             ... on level 4 of the Dungeon.
             The game lasted 00:04:44 (2422 turns).

timneilson the Covered (Deep Dwarf Fighter)         Turns: 2422, Time: 00:04:44

Health: -7/49      AC:  9    Str: 20    XL:     5   Next: 94%
Magic:  4/4        EV:  7    Int:  9    God:
Gold:   183        SH: 10    Dex: 12    Spells: 4/4 levels left

rFire    . . .     SeeInvis .   a - +0 long sword
rCold    . . .     Faith    .   c - +0 kite shield
rNeg     . . .     Spirit   .   b - +0 scale mail
rPois    .         Reflect  .   (no helmet)
rElec    .         Harm     .   (no cloak)
rCorr    .         Rampage  .   e - +1 pair of gloves
MR       .....                  (no boots)
Stlth    ..........             (no amulet)
HPRegen  0.00/turn              (no ring)
MPRegen  0.09/turn              (no ring)

@: non-regenerating
A: damage resistance, heal wounds, sense surroundings 1, no regeneration
a: Heal Wounds


You were on level 4 of the Dungeon.
You visited 1 branch of the dungeon, and saw 4 of its levels.

You collected 183 gold pieces.

Inventory:

Hand Weapons
 a - a +0 long sword (weapon)
Armour
 b - a +0 scale mail (worn)
 c - a +0 kite shield (worn)
 e - a +1 pair of gloves (worn)
 l - a +0 plate armour
 n - a +0 chain mail
Jewellery
 m - an uncursed amulet of regeneration {unknown}
 o - an uncursed amulet of regeneration {unknown}
 p - a cursed ring of teleportation {unknown}
Scrolls
 f - 3 scrolls of teleportation
 i - a scroll of enchant armour
 q - a scroll of identify
Potions
 d - a potion of might
 g - 2 potions of magic {unknown}
 h - 3 potions of curing
 j - 4 potions of lignification {unknown}
 k - a potion of brilliance {unknown}


   Skills:
 + Level 3.3 Fighting
 * Level 3.4 Long Blades
 * Level 5.0 Armour
 * Level 4.8 Shields


You had 4 spell levels left.
You didn't know any spells.
Your spell library was empty.

Dungeon Overview and Level Annotations

Branches:
Dungeon (4/15)             Temple (0/1) D:4

Altars:
Gozag
Hepliaklqana
Okawaru
Vehumet
Xom

Annotations:
D:4 Menkaure


Innate Abilities, Weirdness & Mutations

You are resistant to damage.
You can heal yourself by infusing magical energy.
You passively map a small area around you.
You do not regenerate.


Message History

The orc is lightly wounded.
You block the orc's attack.
You hit the orc.
The orc is heavily wounded.
The orc hits you but does no damage.
You hit the orc.
You kill the orc!
Menkaure calls on the powers of darkness!
Your body is wracked with pain!
You are too injured to fight recklessly!
You are too injured to fight recklessly!
You are too injured to fight recklessly!
You slash Menkaure!
Menkaure is moderately damaged.
Menkaure hits you!
* * * LOW HITPOINT WARNING * * *
You hit Menkaure.
Menkaure is heavily damaged.
Menkaure hits you!
You die...

* ** , #.*#..
#.##.### *
,#.>$...# ,
.#......### **
#.#........ ,
#.##.....#** *
* #.##..M).# *
#.#*##@#####..
###.#
#......... * *
.#####...#
#..######. *
,.........#
#..#
(#####.#.###..#
, *
#.............#
, ,
.#####.....##.#
* * * *
#.....##.# ***
#........#


You could see Menkaure (fast).

Vanquished Creatures
  An orc wizard (D:3)
  3 worker ants (D:4)
  5 adders
  An ooze (D:3)
  A worm (D:4)
  7 dart slugs
  2 leopard geckos (D:1)
  9 orcs
  4 giant cockroaches
  3 hobgoblins
  12 jackals
  3 quokkas
  5 bats
  2 frilled lizards
  10 goblins
  5 kobolds
  A quokka skeleton (D:4)
  11 rats
85 creatures vanquished.

Notes
Turn   | Place    | Note
-------+----------+-------------------------------------------
     0 | D:1      | timneilson the Deep Dwarf Fighter began the quest for the
                  | Orb.
     0 | D:1      | Reached XP level 1. HP: 20/20 MP: 1/1
   147 | D:1      | Reached XP level 2. HP: 22/27 MP: 2/2
   388 | D:1      | Reached XP level 3. HP: 24/33 MP: 3/3
   865 | D:2      | Reached skill level 4 in Armour
   931 | D:2      | Reached XP level 4. HP: 34/42 MP: 3/3
  1567 | D:3      | Found a shimmering altar of Xom.
  1675 | D:3      | Reached XP level 5. HP: 27/49 MP: 4/4
  1904 | D:3      | Found an opulent altar of Gozag.
  1905 | D:3      | Found a radiant altar of Vehumet.
  1905 | D:3      | Found a hazy altar of Hepliaklqana.
  1906 | D:3      | Found an iron altar of Okawaru.
  2372 | D:4      | Reached skill level 5 in Armour
  2415 | D:4      | Noticed Menkaure
  2422 | D:4      | Mangled by Menkaure

Illustrated notes

Levels and vault maps discovered:
D:1:      dpeg_arrival_pits, layout_loops_ring, corexii_corridor_pit,
          minmay_heptomino_d4
D:2:      layout_loops_ring, minmay_tall_x
D:3:      layout_basic, minitemple
D:4:      layout_loops_ring, minmay_temple_entry_mini_moons, uniq_menkaure

Skill      XL: |  1  2  3  4  5 |
---------------+----------------+-----
Armour         | 4 5 |  5.0
Shields        | 4 |  4.8
Fighting       | 3 |  3.3
Long Blades    | 3 |  3.4

Action                   |  1- 3 |  4- 6 || total
-------------------------+-------+-------++-------
Melee: Long sword        |   120 |   176 ||   296
 Abil: Heal Wounds       |     1 |     1 ||     2
  Use: Scroll            |     4 |     4 ||     8
Armor: Scale mail        |    67 |    84 ||   151
Dodge: Dodged            |    37 |    80 ||   117
Block: Kite shield       |    72 |    84 ||   156
       Rpst.: Long sword |    10 |    25 ||    35

Table legend: (Time is in decaauts)
 A = Elapsed time spent in this place.
 B = Non-inter-level travel time spent in this place.
 C = Inter-level travel time spent in this place.
 D = Time resting spent in this place.
 E = Time spent auto-exploring this place.
 F = Levels seen in this place.
 G = Mean time per level.
                   A        B        C        D        E       F      G
               +--------+--------+--------+--------+--------+-----+--------+
         Total |   2522 |   2387 |    135 |      0 |   1701 |   4 |  630.5 |
       Dungeon |   2522 |   2387 |    135 |      0 |   1701 |   4 |  630.5 |
               +--------+--------+--------+--------+--------+-----+--------+

Top non-repeatable levels by time:
     D:3: 901 daAuts
     D:1: 705 daAuts
     D:2: 697 daAuts
     D:4: 218 daAuts
